 Dungeon Crawl Stone Soup version 0.31-a0-1-g4198be8af4 (webtiles) character file.

Game seed: 12486700273271625064

222 Caestello the Shield-Bearer (level 5, -3/41 HPs)
             Began as a Gnoll Wanderer on May 2, 2023.
             Slain by a kobold brigand
             ... wielding a +0 dagger of venom
              (6 damage)
             ... in a sewer.
             The game lasted 00:05:01 (2427 turns).

Caestello the Shield-Bearer (Gnoll Wanderer)        Turns: 2427, Time: 00:05:03

Health: -3/41      AC: 12    Str: 15    XL:     5   Next: 99%
Magic:  10/10      EV: 10    Int: 11    God:
Gold:   220        SH:  5    Dex: 13    Spells: 9/10 levels left

rFire   . . .        h - +1 hand axe (freeze)
rCold   . . .        b - +0 buckler
rNeg    . . .        i - +5 ring mail of Dyspraxia {Str+3}
rPois   .            q - +0 helmet
rElec   .            (no cloak)
rCorr   .            (no gloves)
SInv    .            l - +0 pair of boots
Will    .....        (no amulet)
Stlth   ++           (no ring)
HPRegen 0.26/turn    (no ring)
MPRegen 0.12/turn

%: no passive effects
@: lethally poisoned (-3 -> -13), flying
A: fangs 1, strong nose, distributed training
a: no special abilities


You were in a sewer.
You visited 1 branch of the dungeon, and saw 3 of its levels.
You also visited: Sewer.

You collected 250 gold pieces.
You spent 30 gold pieces at shops.

Inventory:

Hand Weapons
 a - a +0 falchion
 h - a +1 hand axe of freezing (weapon)
Armour
 b - a +0 buckler (worn)
 d - a +0 robe
 i - the +5 ring mail of Dyspraxia (worn) {Str+3}
   (You found it on level 2 of the Dungeon)

   Str:       It affects your strength (+3).
 l - a +0 pair of boots (worn)
 q - a +0 helmet (worn)
Scrolls
 c - 4 scrolls of teleportation
 g - 6 scrolls of identify {unknown}
 j - a scroll of enchant armour {unknown}
 m - 2 scrolls of amnesia {unknown}
 n - a scroll of fog {unknown}
 s - a scroll of enchant weapon {unknown}
 t - a scroll of blinking {unknown}
 u - a scroll of silence {unknown}
 w - a scroll of noise {unknown}
Potions
 e - a potion of resistance {unknown}
 f - a potion of flight
 k - 2 potions of experience {unknown}
 p - a potion of mutation {unknown}
 r - a potion of degeneration {unknown}
 v - a potion of magic {unknown}
 x - 2 potions of heal wounds {unknown}
 z - a potion of cancellation {unknown}
 A - a potion of haste {unknown}


   Skills:
 + Level 3.1 Fighting
 + Level 1.8 Short Blades
 + Level 4.9 Long Blades
 + Level 1.8 Axes
 + Level 1.8 Maces & Flails
 + Level 1.8 Polearms
 + Level 1.8 Staves
 + Level 1.8 Ranged Weapons
 + Level 1.8 Throwing
 + Level 3.1 Armour
 + Level 1.8 Dodging
 + Level 3.0 Stealth
 + Level 4.9 Shields
 + Level 1.8 Unarmed Combat
 + Level 3.3 Spellcasting
 + Level 1.4 Conjurations
 + Level 1.4 Hexes
 + Level 1.4 Summonings
 + Level 1.4 Necromancy
 + Level 1.4 Translocations
 + Level 1.4 Transmutations
 + Level 1.4 Fire Magic
 + Level 1.4 Ice Magic
 + Level 4.0 Air Magic
 + Level 1.4 Earth Magic
 + Level 1.4 Poison Magic
 + Level 2.0 Invocations
 + Level 1.8 Evocations


You had 9 spell levels left.
You knew the following spells:

 Your Spells              Type           Power      Damage    Failure   Level
a - Shock                 Conj/Air       28%        1d4       21%         1

Your spell library contained the following spells:

 Spells                   Type           Power      Damage    Failure   Level
 Freeze                   Ice            16%        1d4       34%         1
 Cigotuvi's Dreadful Rot  Necr/Pois/Air  12%        N/A       36%         2
 Vhi's Electric Charge    Tloc/Air       14%        N/A       52%         3
 Frozen Ramparts          Ice            8%         1d2       71%         3
 Hailstorm                Conj/Ice       4%         3d4       71%         3


Dungeon Overview and Level Annotations

Branches:
Dungeon (3/15)              Sewer (1/1)

Altars:

Shops:
D:3 !


Innate Abilities, Weirdness & Mutations

You have very sharp teeth.
Your uncanny sense of smell can sniff out nearby items.
Your experience applies equally to all skills.


Message History

The kobold hits you but does no damage.
There is a large open door here.
The kobold barely misses you. The kobold attacks as you move away!
The kobold hits you but does no damage.
You hit the kobold brigand. You freeze the kobold brigand.
Your bite misses the kobold brigand.
The kobold brigand is moderately wounded.
You barely miss the kobold. You closely miss the kobold.
The kobold brigand hits you with a +0 dagger of venom.
You block the kobold's attack. The kobold hits you but does no damage.
The kobold brigand completely misses you.
You closely miss the kobold brigand.
The kobold brigand is moderately wounded.
You barely miss the kobold. You hit the kobold. You freeze the kobold.
You kill the kobold!
The kobold hits you but does no damage.
The kobold brigand hits you but does no damage.
You are poisoned.
The kobold hits you but does no damage.
You barely miss the kobold brigand.
The kobold brigand is moderately wounded.
You hit the kobold. You freeze the kobold.
You kill the kobold!
You feel sick.
The kobold brigand hits you but does no damage.
You are more poisoned.
You hit the kobold brigand. You freeze the kobold brigand.
The kobold brigand is moderately wounded.
You feel very sick.
The kobold brigand hits you with a +0 dagger of venom.
* * * LOW HITPOINT WARNING * * *
You are lethally poisoned!
You block the kobold brigand's attack.
It was a potion of flight.
You feel very buoyant.
You fly up into the air.
* * * LOW HITPOINT WARNING * * *
You feel very sick.
The kobold brigand hits you with a +0 dagger of venom.
You die...

#...)'.~~...~~~.....
#[∩.))~~....~~~~~~..
#....#~~~.~~P~~P~P..
##############~#####
#~~~~~~~~~~~~~~~~
#≈~≈≈≈≈≈~≈≈≈≈≈~≈≈
~~~~~~~~~~~~~~~~
######~##########~~~
#..@K#~~~~...~~P~~~~
#.∩))'~~~~...~~~P~~~
#....'~~.~......†~P~
#!...#..........†...
######......##......
##########...#.
#...#. #####. #


You could see a kobold brigand.

Vanquished Creatures
  A kobold brigand (Sewer)
  A scorpion (D:3)
  An adder (D:2)
  A river rat (D:3)
  3 worms (D:3)
  2 orcs
  6 bats
  3 endoplasms
  6 giant cockroaches
  5 goblins
  2 hobgoblins
  13 kobolds
  3 quokkas
  8 ball pythons
  6 frilled lizards
  7 rats
68 creatures vanquished.

Vanquished Creatures (others)
  4 fungi
  31 plants
  4 toadstools (D:2)
39 creatures vanquished.

Grand Total: 107 creatures vanquished

Notes
Turn   | Place    | Note
-------+----------+-------------------------------------------
     0 | D:1      | Caestello the Gnoll Wanderer began the quest for the Orb.
     0 | D:1      | Caestello set off with the following items: a +0 falchion,
                  | a +0 buckler, a scroll of teleportation, a +0 robe; and the
                  | following spell memorised: Shock; and the following spells
                  | available to memorise: Cigotuvi's Dreadful Rot, Vhi's
                  | Electric Charge.
     0 | D:1      | Reached XP level 1. HP: 17/17 MP: 4/4
   180 | D:1      | Reached XP level 2. HP: 23/23 MP: 5/5
   891 | D:2      | Identified the +5 ring mail of Dyspraxia {Str+3}
  1002 | D:2      | Reached XP level 3. HP: 28/28 MP: 7/7
  1200 | D:2      | Reached skill level 1 in Invocations
  1731 | D:3      | Reached skill level 1 in Short Blades
  1731 | D:3      | Reached skill level 1 in Axes
  1731 | D:3      | Reached skill level 1 in Maces & Flails
  1731 | D:3      | Reached skill level 1 in Polearms
  1731 | D:3      | Reached skill level 1 in Staves
  1731 | D:3      | Reached skill level 1 in Ranged Weapons
  1731 | D:3      | Reached skill level 1 in Throwing
  1731 | D:3      | Reached skill level 1 in Dodging
  1731 | D:3      | Reached skill level 1 in Unarmed Combat
  1731 | D:3      | Reached skill level 1 in Evocations
  1809 | D:3      | Found Genaziv's Distillery.
  1836 | D:3      | Bought a potion of curing for 30 gold pieces
  1922 | D:3      | Noticed a scorpion
  1945 | D:3      | Killed a scorpion
  1946 | D:3      | Reached skill level 1 in Conjurations
  1946 | D:3      | Reached skill level 1 in Hexes
  1946 | D:3      | Reached skill level 1 in Summonings
  1946 | D:3      | Reached skill level 1 in Necromancy
  1946 | D:3      | Reached skill level 1 in Translocations
  1946 | D:3      | Reached skill level 1 in Transmutations
  1946 | D:3      | Reached skill level 1 in Fire Magic
  1946 | D:3      | Reached skill level 1 in Ice Magic
  1946 | D:3      | Reached skill level 1 in Earth Magic
  1946 | D:3      | Reached skill level 1 in Poison Magic
  1946 | D:3      | Reached XP level 4. HP: 16/34 MP: 8/8
  2131 | D:3      | Reached XP level 5. HP: 40/40 MP: 9/9
  2187 | D:3      | Found a glowing drain.
  2200 | Sewer    | Entered a sewer
  2243 | Sewer    | Noticed a kobold brigand
  2254 | Sewer    | Killed a kobold brigand
  2412 | Sewer    | Noticed a kobold brigand
  2427 | Sewer    | Slain by a kobold brigand

Illustrated notes

Levels and vault maps discovered:
D:1:      giann_forest_graveyard, layout_basic, serial_bayou_pond_d
D:2:      layout_loops_corners, minmay_gold_behind_fungi, minivault_24,
          serial_bayou_lagoon_a
D:3:      layout_loops_cross, serial_shops, nicolae_shop_industrial_runoff,
          gup_sewer_entry_bubbles
Sewer:    kennysheep_pipe_town

Skill      XL: |  1  2  3  4  5 |
---------------+----------------+-----
Invocations    | 1 2 |  2.0
Short Blades   | 1 |  1.8
Axes           | 1 |  1.8
Maces & Flails | 1 |  1.8
Polearms       | 1 |  1.8
Staves         | 1 |  1.8
Ranged Weapons | 1 |  1.8
Throwing       | 1 |  1.8
Dodging        | 1 |  1.8
Unarmed Combat | 1 |  1.8
Evocations     | 1 |  1.8
Spellcasting   | 3 |  3.3
Conjurations   | 1 |  1.4
Hexes          | 1 |  1.4
Summonings     | 1 |  1.4
Necromancy     | 1 |  1.4
Translocations | 1 |  1.4
Transmutations | 1 |  1.4
Fire Magic     | 1 |  1.4
Ice Magic      | 1 |  1.4
Earth Magic    | 1 |  1.4
Poison Magic   | 1 |  1.4
Fighting       | 3 |  3.1
Armour         | 3 |  3.1
Air Magic      | 4 |  4.0
Stealth        | 3 |  3.0
Long Blades    | |  4.9
Shields        | |  4.9

Action                     |  1- 3 |  4- 6 || total
---------------------------+-------+-------++-------
  Melee: Falchion          |    50 |       ||    50
         Bite              |    12 |     8 ||    20
         Hand axe          |    70 |   110 ||   180
    Use: Potion            |     1 |     2 ||     3
   Stab: Sleeping          |     6 |       ||     6
 Armour: Robe              |     5 |       ||     5
         Ring mail         |    40 |    74 ||   114
  Dodge: Dodged            |    73 |    53 ||   126
  Block: Buckler           |    28 |    24 ||    52

Table legend: (Time is in decaauts)
 A = Elapsed time spent in this place.
 B = Non-inter-level travel time spent in this place.
 C = Inter-level travel time spent in this place.
 D = Time resting spent in this place.
 E = Time spent auto-exploring this place.
 F = Levels seen in this place.
 G = Mean time per level.
                   A        B        C        D        E       F      G
               +--------+--------+--------+--------+--------+-----+--------+
         Total |   2527 |   2512 |     15 |     24 |   1634 |   4 |  631.8 |
       Dungeon |   2270 |   2255 |     15 |     24 |   1540 |   3 |  756.7 |
         Sewer |    257 |    257 |      0 |      0 |     93 |   1 |  257.0 |
               +--------+--------+--------+--------+--------+-----+--------+

Top non-repeatable levels by time:
     D:2: 951 daAuts
     D:1: 809 daAuts
     D:3: 509 daAuts
   Sewer: 257 daAuts
